 Dungeon Crawl Stone Soup version 0.22-a0-392-g5dc3fd9 (webtiles) character file.

14754 iamserjio the Fighter (level 11, -23/118 HPs)
             Began as a Troll Wizard on May 1, 2018.
             Was a High Priest of Elyvilon.
             Hit by a large rock thrown by a cyclops (30 damage)
             ... on level 11 of the Dungeon.
             The game lasted 00:47:23 (12249 turns).

iamserjio the Fighter (Troll Wizard)               Turns: 12249, Time: 00:47:23

Health: -23/118    AC:  8    Str: 19    XL:     11   Next: 92%
Magic:  19/19      EV:  9    Int: 17    God:    Elyvilon [*****.]
Gold:   276        SH:  0    Dex:  8    Spells: 18/23 levels left

rFire    . . .     SeeInvis .   r - +10 long sword "Narilaha" {holy, Int+2}
rCold    . . .     Gourm    +   (no shield)
rNeg     . . .     Faith    .   F - +1 robe {MR+}
rPois    +         Spirit   .   l - +1 hat
rElec    .         Reflect  .   s - +0 cloak {rPois}
rCorr    .         Harm     .   (gloves unavailable)
MR       +....                  (boots unavailable)
Stlth    +.........             (no amulet)
HPRegen  0.69/turn              (no ring)
MPRegen  0.16/turn              (no ring)

@: no status effects
A: large, unfitting armour, claws 3, fast metabolism 3, gourmand, regeneration
1, shaggy fur 1, tough skin 2
a: Lesser Healing, Heal Other, Purification, Greater Healing, Divine Vigour,
Divine Protection, Renounce Religion


You were on level 11 of the Dungeon.
You worshipped Elyvilon.
Elyvilon was extremely pleased with you.
You were very full.

You visited 2 branches of the dungeon, and saw 13 of its levels.
You also visited: Sewer.

You collected 605 gold pieces.
You spent 329 gold pieces at shops.

Inventory:

Hand Weapons
 a - a +2 long sword
 r - the +10 long sword "Narilaha" (weapon) {holy, Int+2}
   (You found it on level 4 of the Dungeon)

   It has been blessed by the Shining One to cause great damage to the undead
   and demons.
   It affects your intelligence (+2).
 D - a cursed -2 falchion
 G - a +2 dire flail
Armour
 l - a +1 hat (worn)
 s - a +0 cloak of poison resistance (worn)
 v - a +1 cloak
 F - a +1 robe of magic resistance (worn)
Jewellery
 o - an uncursed ring of fire
 z - a cursed amulet of inaccuracy
 C - an uncursed ring of fire
 I - an uncursed amulet of harm {unknown}
 L - an uncursed ring of protection from cold {unknown}
Wands
 q - a wand of polymorph (17)
 x - a wand of acid (4)
 J - a wand of paralysis (9)
 M - a wand of digging (14)
 N - a wand of flame (12)
Scrolls
 c - 3 scrolls of magic mapping
 j - 8 scrolls of remove curse
 k - 3 scrolls of teleportation
 u - 6 scrolls of amnesia
 y - a scroll of silence
 A - a scroll of torment
 E - a scroll of immolation
 K - a scroll of enchant armour {unknown}
Potions
 b - 3 potions of agility
 e - a potion of invisibility
 f - 2 potions of might
 g - 5 potions of curing
 h - a potion of brilliance {unknown}
 i - 2 potions of cancellation {unknown}
 m - 4 potions of mutation {unknown}
 n - 2 potions of degeneration {unknown}
 p - a potion of flight
 t - 4 potions of heal wounds {unknown}
 w - 2 potions of lignification {unknown}
 H - 3 potions of berserk rage {unknown}
Miscellaneous
 B - a lamp of fire (inert)
Comestibles
 d - 22 rations


   Skills:
 + Level 10.2 Fighting
 - Level 8.0 Long Blades
 - Level 1.5 Dodging
 - Level 1.0 Stealth
 - Level 4.7 Unarmed Combat
 + Level 6.5 Spellcasting
 - Level 1.7 Conjurations
 - Level 0.6 Summonings
 - Level 3.2 Translocations


You had 18 spell levels left.
You knew the following spells:

 Your Spells              Type           Power        Failure   Level  Hunger
a - Magic Dart            Conj           ##..         6%          1    None
b - Blink                 Tloc           N/A          4%          2    None
c - Call Imp              Summ           #.......     14%         2    None


Dungeon Overview and Level Annotations

Branches:
Dungeon (12/15)            Temple (1/1) D:4            Lair (0/6) D:8
    Orc: D:9-12

Altars:
Ashenzari
Cheibriados
Hepliaklqana
Okawaru
Sif Muna
Uskayaw
Vehumet
Wu Jian
Yredelemnul

Shops:
D:5 %   D:6 *   D:11 *

Annotations:
D:12 Harold


Innate Abilities, Weirdness & Mutations

You are too large for most types of armour.
You have claws for hands.
Your metabolism is lightning-fast.
You like to eat raw meat.
Your natural rate of healing is unusually fast.
You are covered in fur. (AC +1)
You have very tough skin. (AC +2)


Message History

The orc hits you with a dagger.
* * * LOW HITPOINT WARNING * * *
Your divine protection fades away.
You completely miss the orc. The orc hits you but does no damage.
You hit the orc.
The orc is moderately wounded.
The orc hits you but does no damage.
You slice the orc!!
You kill the orc!
You slice the ogre!!
The ogre is severely wounded.
The ogre hits you with a giant spiked club.
* * * LOW HITPOINT WARNING * * *
A cyclops comes into view.
The cyclops shouts!
The cyclops throws a large rock.
The large rock hits you!!
* * * LOW HITPOINT WARNING * * *
You see here a large rock.
The cyclops throws a large rock.
The large rock hits you!!
You die...

# #.# #........# #.
#######.########(.......########.
.................................
.................######.########.
.................# #.# #.
.................# #.# #.
.................# #.# #.
.................######.########.
................@O.........[.....
###.#######...........##########.
#)# #...........# #. #)#
#...........# #. #<#
#...........# #. #.#
#...........# #.
###.#######C...#.#....##########.
...............#.##..............
####.###########..##..####.#####.


You could see a cyclops and an ogre.

Vanquished Creatures
  7 two-headed ogres
  A tengu warrior (D:11)
  An unseen horror (D:11)
  An elephant (shapeshifter) (D:11)
  The ghost of Curus the Martial Artist, a novice MfTm (D:4)
  3 trolls
  3 hippogriffs
  10 yaks
  6 orc warriors
  4 ice beasts
  2 black bears (D:9)
  3 sky beasts
  5 ogres
  4 centaurs
  A necrophage (D:10)
  A big kobold (Sewer)
  7 bullfrogs
  3 scorpions
  A water moccasin skeleton (D:9)
  8 killer bees
  12 wights
  4 howler monkeys
  2 centaur zombies
  4 crimson imps
  3 bullfrog zombies
  5 hounds
  A jelly (D:11)
  2 orc priests (D:10)
  Crazy Yiuf (D:4)
  Ijyb (D:4)
  2 centaur skeletons
  12 worker ants
  2 iguanas
  9 orc wizards
  A killer bee zombie (D:9)
  2 hound zombies
  A hound skeleton (D:10)
  A howler monkey zombie (D:11)
  Robin (D:4)
  2 worker ant zombies
  A howler monkey skeleton (D:4)
  8 adders
  3 river rats (Sewer)
  2 shadow imps
  An ooze (D:1)
  2 adder skeletons
  A worm (D:3)
  2 dart slugs
  2 leopard geckos
  28 orcs
  8 giant cockroaches
  13 hobgoblins
  A jackal (Sewer)
  2 quokkas
  3 ball pythons
  12 bats
  4 frilled lizards
  22 goblins
  2 jackal skeletons
  9 kobolds
  A quokka skeleton (D:5)
  6 rats
273 creatures vanquished.

Vanquished Creatures (others)
  An orc (D:12)
  A hobgoblin (D:3)
  5 toadstools (D:1)
7 creatures vanquished.

Grand Total: 280 creatures vanquished

Notes
Turn   | Place    | Note
-------+----------+-------------------------------------------
     0 | D:1      | iamserjio the Troll Wizard began the quest for the Orb.
     0 | D:1      | Reached XP level 1. HP: 16/16 MP: 2/2
   249 | D:1      | Reached XP level 2. HP: 24/24 MP: 4/4
   272 | D:1      | Reached skill level 1 in Unarmed Combat
   340 | D:1      | Reached skill level 1 in Conjurations
   468 | D:1      | Reached XP level 3. HP: 31/31 MP: 5/5
   936 | D:1      | Learned a level 2 spell: Blink
   939 | D:1      | Learned a level 2 spell: Call Imp
  1109 | D:2      | Reached XP level 4. HP: 31/39 MP: 6/6
  2010 | D:3      | Found a snail-covered altar of Cheibriados.
  2192 | D:3      | Found a glowing drain.
  2196 | Sewer    | Entered a sewer
  2210 | Sewer    | Reached XP level 5. HP: 19/45 MP: 7/7
  2396 | Sewer    | Found a white marble altar of Elyvilon.
  2406 | Sewer    | Became a worshipper of Elyvilon the Healer
  3104 | D:4      | Noticed Curus's ghost (novice MfTm)
  3230 | D:4      | HP: 2/45 [Curus's ghost (8)]
  3337 | D:4      | Reached * piety under Elyvilon
  3354 | D:4      | Reached XP level 6. HP: 44/53 MP: 9/9
  3415 | D:4      | Noticed Robin
  3525 | D:4      | Killed Robin
  3659 | D:4      | Found a staircase to the Ecumenical Temple.
  3666 | D:4      | Got an encrusted long sword
  3684 | Temple   | Entered the Ecumenical Temple
  3685 | Temple   | Identified the +10 long sword "Narilaha" {holy, Int+2} (You found it on level 4 of the Dungeon)
  3959 | D:4      | Killed Curus's ghost
  3959 | D:4      | Reached skill level 3 in Fighting
  3959 | D:4      | Reached XP level 7. HP: 47/67 MP: 10/10
  4119 | D:4      | Found a runed door.
  4143 | D:4      | Noticed Ijyb
  4154 | D:4      | Killed Ijyb
  4364 | D:4      | Noticed Crazy Yiuf
  4368 | D:4      | Killed Crazy Yiuf
  4430 | D:5      | Entered Level 5 of the Dungeon
  4517 | D:5      | Reached skill level 4 in Fighting
  4517 | D:5      | Reached skill level 1 in Long Blades
  4553 | D:5      | Reached ** piety under Elyvilon
  4739 | D:5      | Found Wiwirchuc's Food Boutique.
  5074 | D:6      | Reached XP level 8. HP: 78/79 MP: 11/11
  5233 | D:6      | Found Sigedeff's General Store.
  5256 | D:6      | Bought a potion of haste for 110 gold pieces
  5256 | D:6      | Bought a scroll of silence for 82 gold pieces
  5339 | D:6      | Found a hide-covered altar of Uskayaw.
  5524 | D:7      | Noticed a hippogriff
  5553 | D:7      | Reached skill level 5 in Fighting
  5677 | D:7      | Killed a hippogriff
  5885 | D:7      | Reached skill level 5 in Long Blades
  5900 | D:7      | Noticed a hippogriff
  5908 | D:7      | Killed a hippogriff
  6058 | D:7      | Found a transporter.
  6061 | D:7      | Noticed a kobold demonologist
  6070 | D:7      | Noticed a kobold demonologist
  6078 | D:7      | Found a transporter.
  6171 | D:7      | Found a shattered altar of Ashenzari.
  6171 | D:7      | Found a radiant altar of Vehumet.
  6176 | D:7      | Found a deep blue altar of Sif Muna.
  6178 | D:7      | Found a hazy altar of Hepliaklqana.
  6180 | D:7      | Found a basalt altar of Yredelemnul.
  6365 | D:7      | Reached XP level 9. HP: 89/89 MP: 12/12
  6578 | D:7      | Noticed an ice devil
  6664 | D:8      | Reached *** piety under Elyvilon
  6692 | D:8      | Noticed a two-headed ogre
  6692 | D:8      | Noticed a two-headed ogre
  6703 | D:8      | Killed a two-headed ogre
  6703 | D:8      | Reached skill level 6 in Fighting
  6738 | D:8      | Killed a two-headed ogre
  6936 | D:8      | Found a staircase to the Lair.
  7004 | D:8      | Reached XP level 10. HP: 32/100 MP: 13/13
  7891 | D:9      | Found an ornate altar of the Wu Jian Council.
  8081 | D:9      | Reached **** piety under Elyvilon
  8192 | D:9      | Reached skill level 7 in Fighting
  8429 | D:9      | Found an iron altar of Okawaru.
  9003 | D:10     | Entered Level 10 of the Dungeon
  9150 | D:10     | Reached skill level 8 in Fighting
  9456 | D:10     | Noticed a two-headed ogre
  9461 | D:10     | Killed a two-headed ogre
  9521 | D:10     | Reached XP level 11. HP: 104/113 MP: 17/17
  9985 | D:10     | Reached skill level 5 in Spellcasting
 10050 | D:11     | Noticed a two-headed ogre
 10056 | D:11     | Killed a two-headed ogre
 10074 | D:11     | Killed an unseen horror
 10074 | D:11     | Reached skill level 9 in Fighting
 10245 | D:11     | Noticed a two-headed ogre
 10334 | D:11     | Killed a two-headed ogre
 10379 | D:11     | Reached ***** piety under Elyvilon
 10777 | D:11     | Noticed a tengu warrior
 10782 | D:11     | Killed a tengu warrior
 11256 | D:11     | Found Peadajog's Assorted Antiques.
 11261 | D:11     | Bought a bubbling pink potion for 25 gold pieces
 11261 | D:11     | Bought a silver wand for 112 gold pieces
 11549 | D:11     | Noticed a two-headed ogre
 11560 | D:11     | Killed a two-headed ogre
 11621 | D:11     | Reached skill level 10 in Fighting
 11962 | D:12     | Noticed a two-headed ogre
 12009 | D:11     | Killed a two-headed ogre
 12180 | D:12     | Noticed Harold
 12199 | D:12     | HP: 4/118 [orc/dagger (3)]
 12204 | D:11     | HP: 4/118 [orc/dagger (4)]
 12249 | D:11     | Hit by a large rock thrown by a cyclops

Vault maps used:
D:1:      ldierk_walled_garden, minmay_close_crescents
D:3:      kennysheep_slug_shrine, gup_sewer_entry_spiral
D:4:      kennysheep_the_goblin_king, minmay_temple_entry_junction_2,
          serial_curves, eino_curves_01, eino_curves_04,
          uniq_crazy_yiuf_cottage, uniq_robin
D:5:      serial_shops, nicolae_shop_behind_doors, first_ration, uniq_ijyb
D:6:      overflow_temple_1_default, serial_shops, shop_fountains
D:7:      gammafunk_wand_slinger, chequers_temple_overflow_minitemple
D:8:      lair_entry_dummy
D:9:      old_standard_altar, basic_altar
D:11:     serial_shops, shop, grunt_tengu_nest, grunt_ministairs_14,
          evilmike_minifort
D:12:     orc_0_dummy, serial_undead, serial_undead_c, serial_undead_b,
          serial_undead_f, serial_undead_c, special_room,
          minmay_unpleasant_kobolds, uniq_harold
Temple:   minmay_temple_curvy_branch
Sewer:    sewer_kobolds

Skill      XL: |  1  2  3  4  5  6  7  8  9 10 11 |
---------------+----------------------------------+-----
Unarmed Combat | 1 2 3 4 |  4.7
Conjurations   | 1 |  1.7
Fighting       | 3 4 5 6 8 10 | 10.2
Long Blades    | 2 5 7 8 |  8.0
Translocations | 3 |  3.2
Spellcasting   | 4 6 |  6.5
Dodging        | |  1.5
Stealth        | |  1.0
Summonings     | |  0.6

Action                   |  1- 3 |  4- 6 |  7- 9 | 10-12 || total
-------------------------+-------+-------+-------+-------++-------
Melee: Unarmed           |   106 |   181 |       |       ||   287
       Punch             |       |     4 |     3 |    14 ||    21
       Long sword        |       |     8 |   180 |   390 ||   578
       Flail             |       |       |       |     6 ||     6
 Cast: Magic Dart        |       |     4 |       |       ||     4
Invok: Lesser Healing    |       |       |     1 |     2 ||     3
       Greater Healing   |       |       |       |     2 ||     2
       Divine Protection |       |       |       |     1 ||     1
Evoke: Wand              |       |       |     4 |     6 ||    10
       Lamp of fire      |       |       |       |     1 ||     1
  Use: Scroll            |       |     4 |     1 |     7 ||    12
       Potion            |       |     2 |     1 |     4 ||     7
 Stab: Sleeping          |     4 |     1 |       |     1 ||     6
       Paralysed         |       |       |       |     3 ||     3
  Eat: Chunk             |     6 |    28 |    30 |    48 ||   112
       Ration            |       |     2 |       |       ||     2
Armor: Robe              |    56 |    59 |   110 |   148 ||   373
Dodge: Dodged            |    52 |    76 |   115 |   187 ||   430
       Rpst.: Long sword |       |       |    38 |    44 ||    82

Table legend:
 A = Spawn XP
 B = Non-spawn XP
 C = Spawn XP percentage of total XP
 D = Spawn monster count
 E = Non-spawn monster count
 F = Spawn count percentage of total count
 G = Total turns spent on level
                    A         B        C        D         E        F      G
               +---------+---------+-------+---------+---------+-------+---------
         Total |       0 |   21078 |   0.0 |       0 |     273 |   0.0 | 12249
               +---------+---------+-------+---------+---------+-------+---------
           D:1 |       0 |      56 |   0.0 |       0 |      33 |   0.0 |   940
           D:2 |       0 |      90 |   0.0 |       0 |      18 |   0.0 |   984
           D:3 |       0 |      60 |   0.0 |       0 |      16 |   0.0 |  1231
           D:4 |       0 |     624 |   0.0 |       0 |      25 |   0.0 |   835
           D:5 |       0 |     138 |   0.0 |       0 |       7 |   0.0 |   387
           D:6 |       0 |     810 |   0.0 |       0 |      17 |   0.0 |   854
           D:7 |       0 |     965 |   0.0 |       0 |      16 |   0.0 |  1171
           D:8 |       0 |    3387 |   0.0 |       0 |      33 |   0.0 |  1176
           D:9 |       0 |    2530 |   0.0 |       0 |      22 |   0.0 |   985
          D:10 |       0 |    3318 |   0.0 |       0 |      34 |   0.0 |  1209
          D:11 |       0 |    8842 |   0.0 |       0 |      39 |   0.0 |  1964
          D:12 |       0 |     122 |   0.0 |       0 |       5 |   0.0 |    73
         Sewer |       0 |     136 |   0.0 |       0 |       8 |   0.0 |   249
               +---------+---------+-------+---------+---------+-------+---------
